[Event "Titled Tuesday Blitz May 9 Late 2023"]
[White "Curtis, John"]
[Black "Ingunza Curro, Andres"]
[WhiteFideId "3200256"]
[BlackFideId "24526371"]
[WhiteElo "2203"]
[BlackElo "2247"]
[Result "1-0"]
[Round "08"]
[TimeControl "180+2"]
[Date "2023.05.09"]
[WhiteClock "0:02:10"]
[BlackClock "0:01:51"]

1. e4 e5 2. Nf3 Nc6 3. Bb5 a6 4. Bxc6 dxc6 5. O-O f6 6. d4 exd4 7. Nxd4 c5 8. Nb3 Qxd1 9. Rxd1 Bd6 10. Nc3 Ne7 11. Be3 b6 12. a4 a5 13. Nb5 Be5 14. f4 c6 15. fxe5 cxb5 16. exf6 bxa4 17. fxe7 Kxe7 18. Rxa4 Bd7 19. Raa1 Bc6 20. Re1 Rad8 21. Nxc5 bxc5 22. Bg5+ Ke6 23. Bxd8 Rxd8 24. Rxa5 c4 25. Rc5 1-0


[Site "https://www.chess.com"]

[Event "Titled Tuesday Blitz May 9 Late 2023"]
[White "Dragomirescu, Calin"]
[Black "Torres Dominguez, David"]
[WhiteFideId "1200895"]
[BlackFideId "2220857"]
[WhiteElo "2010"]
[BlackElo "1999"]
[Result "0-1"]
[Round "08"]
[TimeControl "180+2"]
[Date "2023.05.09"]
[WhiteClock "0:00:43"]
[BlackClock "0:00:16"]

1. d4 e5 2. dxe5 d6 3. exd6 Bxd6 4. Nf3 Bg4 5. h3 Bh5 6. g4 Bg6 7. Bg2 Nc6 8. Nc3 Qe7 9. O-O O-O-O 10. Nd5 Qe6 11. c4 Nf6 12. Ng5 Qe8 13. Qa4 h5 14. gxh5 Rxh5 15. Nxf6 gxf6 16. Bxc6 Qxc6 17. Qxc6 bxc6 18. Nf3 Rxh3 19. Kg2 Rdh8 20. Be3 Be4 21. Rh1 Rh2+ 22. Rxh2 Rxh2+ 23. Kg1 Rh8 24. c5 Be5 25. Rd1 Bxb2 26. Bd4 Bxf3 27. exf3 Rd8 28. Bxb2 Rxd1+ 29. Kg2 Rd2 30. Bxf6 Rxa2 31. Kg3 Kd7 32. Kf4 Ke6 33. Bd4 f5 34. Ke3 Ra3+ 35. Ke2 Rb3 36. f4 a5 37. Kd2 a4 38. Kc2 Rb5 39. Bb2 Kd5 40. Ba3 Ke4 41. Kc3 Kxf4 42. Kc4 Kf3 0-1


[Site "https://www.chess.com"]

[Event "Titled Tuesday Blitz May 9 Late 2023"]
[White "James, Stuart"]
[Black "Celestino, Rafael Teixeira"]
[WhiteFideId "7400489"]
[BlackFideId "2108925"]
[WhiteElo "1950"]
[BlackElo "2309"]
[Result "0-1"]
[Round "08"]
[TimeControl "180+2"]
[Date "2023.05.09"]
[WhiteClock "0:00:44"]
[BlackClock "0:00:16"]

1. e4 e5 2. Nf3 Nc6 3. Bb5 Nf6 4. d3 a6 5. Ba4 b5 6. Bb3 Bc5 7. a4 Rb8 8. axb5 axb5 9. Nc3 O-O 10. Nd5 Nxd5 11. Bxd5 Nb4 12. Bb3 d6 13. c3 Nc6 14. O-O Bg4 15. h3 Be6 16. Bc2 Qf6 17. Bg5 Qg6 18. d4 exd4 19. e5 Bf5 20. Nh4 Qxg5 21. Nxf5 dxc3 22. bxc3 Nxe5 23. h4 Qf6 24. Qh5 Ng6 25. Rae1 Rfe8 26. Qf3 Nxh4 27. Nxh4 Qxh4 28. Qc6 Rxe1 29. Qxc7 Rxf1+ 0-1


[Site "https://www.chess.com"]

[Event "Titled Tuesday Blitz May 9 Late 2023"]
[White "Kostiukov, Alexandr"]
[Black "Castillo Pena, Patricia Evarista"]
[WhiteFideId "14108100"]
[BlackFideId "6412106"]
[WhiteElo "2202"]
[BlackElo "1919"]
[Result "1-0"]
[Round "08"]
[TimeControl "180+2"]
[Date "2023.05.09"]
[WhiteClock "0:01:48"]
[BlackClock "0:00:44"]

1. g3 d5 2. Bg2 c6 3. d3 e5 4. e4 dxe4 5. dxe4 Qxd1+ 6. Kxd1 Nf6 7. f3 Na6 8. Be3 Be6 9. Nd2 O-O-O 10. Bh3 Bxh3 11. Nxh3 h6 12. Ke2 Kb8 13. Nc4 Bc5 14. Nxe5 Bxe3 15. Kxe3 Rhf8 16. Nd3 Nd7 17. Rhd1 Ndc5 18. Nxc5 Nxc5 19. b3 Ne6 20. f4 Kc7 21. Nf2 f5 22. exf5 Rxf5 23. Rxd8 Kxd8 24. Rd1+ Kc7 25. Ne4 Rd5 26. Rxd5 cxd5 27. Nd2 Kd6 28. Nf3 a5 29. Nd4 Nxd4 30. Kxd4 b5 31. a3 b4 32. axb4 axb4 33. f5 h5 34. h3 Kc6 35. Ke5 Kc5 36. g4 hxg4 37. hxg4 d4 38. g5 1-0


[Site "https://www.chess.com"]

[Event "Titled Tuesday Blitz May 9 Late 2023"]
[White "Carrasco Miranda, Andres"]
[Black "Vargas, Mauricio"]
[WhiteFideId "3405990"]
[BlackFideId "4404572"]
[WhiteElo "2183"]
[BlackElo "1986"]
[Result "1-0"]
[Round "08"]
[TimeControl "180+2"]
[Date "2023.05.09"]
[WhiteClock "0:01:03"]
[BlackClock "0:00:02"]

1. d4 d5 2. c4 c6 3. Nf3 e6 4. e3 Nf6 5. Bd3 Nbd7 6. b3 dxc4 7. bxc4 Bd6 8. Bb2 c5 9. O-O O-O 10. Re1 b6 11. e4 Bf4 12. e5 Ng4 13. g3 Bh6 14. d5 Bb7 15. h3 Nxf2 16. Kxf2 Kh8 17. Nc3 exd5 18. cxd5 Qc8 19. Qe2 a6 20. Qe4 g6 21. e6 fxe6 22. Nb5+ Bg7 23. Bxg7+ Kxg7 24. Nd6 Qb8 25. Nxb7 Qxb7 26. dxe6 Rae8 27. Qxb7 Re7 28. exd7 Ref7 29. Bc4 Rxf3+ 30. Qxf3 Rxf3+ 31. Kxf3 1-0


[Site "https://www.chess.com"]

[Event "Titled Tuesday Blitz May 9 Late 2023"]
[White "Escalante Ramirez, Rafael"]
[Black "mjelcic"]
[WhiteFideId "3900177"]
[WhiteElo "2173"]
[BlackElo "2211"]
[Result "1-0"]
[Round "08"]
[TimeControl "180+2"]
[Date "2023.05.09"]
[WhiteClock "0:01:26"]
[BlackClock "0:02:24"]

1. Nf3 g6 2. d4 Bg7 3. c4 d6 4. g3 Nd7 5. Bg2 a6 6. a4 Ngf6 7. Nc3 O-O 8. O-O c6 9. e4 e5 10. h3 Re8 11. Be3 exd4 12. Nxd4 Nc5 13. Qc2 Qe7 14. Rfe1 Nfxe4 15. Nxe4 Nxe4 16. Bxe4 Qxe4 17. Bd2 Qxd4 18. Rxe8+ Bf8 19. Bh6 Bf5 20. Rxa8 1-0


[Site "https://www.chess.com"]

[Event "Titled Tuesday Blitz May 9 Late 2023"]
[White "Van Baar, Esper"]
[Black "Chemin, Justo Reinaldo"]
[WhiteFideId "1049321"]
[BlackFideId "2101580"]
[WhiteElo "2167"]
[BlackElo "1940"]
[Result "0-1"]
[Round "08"]
[TimeControl "180+2"]
[Date "2023.05.09"]
[WhiteClock "0:00:00"]
[BlackClock "0:00:51"]

1. e4 e6 2. d4 d5 3. Nd2 Nf6 4. e5 Nfd7 5. Bd3 c5 6. c3 Nc6 7. Ne2 cxd4 8. cxd4 f6 9. exf6 Nxf6 10. O-O Bd6 11. Nf3 Qc7 12. h3 O-O 13. Be3 g6 14. Nc3 a6 15. Re1 Qg7 16. Rc1 Nh5 17. Ne2 Bd7 18. Qd2 Rxf3 19. gxf3 e5 20. Bh6 Qf7 21. Ng3 Nxd4 22. Be2 Bxh3 23. Rcd1 Be6 24. Nxh5 gxh5 25. Be3 Nxf3+ 26. Bxf3 Qxf3 27. Qe2 Qxe2 28. Rxe2 Kf7 29. Red2 d4 30. Rc2 Rg8+ 31. Kf1 Bh3+ 32. Ke1 Rg1+ 33. Ke2 Rxd1 34. Kxd1 dxe3 35. fxe3 Bg4+ 36. Kd2 h4 37. Rc1 h3 0-1


[Site "https://www.chess.com"]

[Event "Titled Tuesday Blitz May 9 Late 2023"]
[White "Horokoskii"]
[Black "Stachanczyk, Jacek"]
[BlackFideId "1116657"]
[WhiteElo "2101"]
[BlackElo "2084"]
[Result "1-0"]
[Round "08"]
[TimeControl "180+2"]
[Date "2023.05.09"]
[WhiteClock "0:00:20"]
[BlackClock "0:00:00"]

1. d4 Nf6 2. c4 g6 3. Nc3 Bg7 4. e4 d6 5. Be2 O-O 6. Bg5 c5 7. d5 b5 8. cxb5 a6 9. bxa6 Bxa6 10. Nf3 Qb6 11. Qd2 Nbd7 12. O-O Rfb8 13. Rab1 Qb4 14. a3 Qb3 15. Bd1 Qb6 16. Be2 Bxe2 17. Qxe2 h6 18. Be3 Qb3 19. Qd1 Ng4 20. Qxb3 Rxb3 21. Bd2 Nge5 22. Nxe5 Nxe5 23. Rfd1 Rab8 24. a4 Nc4 25. Bc1 Bxc3 26. Bxh6 1-0


[Site "https://www.chess.com"]

[Event "Titled Tuesday Blitz May 9 Late 2023"]
[White "tandercat"]
[Black "Harish, Neeraj"]
[BlackFideId "30958130"]
[WhiteElo "1997"]
[BlackElo "1879"]
[Result "0-1"]
[Round "08"]
[TimeControl "180+2"]
[Date "2023.05.09"]
[WhiteClock "0:00:00"]
[BlackClock "0:01:23"]

1. d4 d5 2. c4 e6 3. Nc3 Nf6 4. cxd5 exd5 5. Bg5 Be7 6. e3 O-O 7. Bd3 h6 8. Bh4 Re8 9. Nge2 c6 10. O-O Nbd7 11. Qc2 a5 12. f3 b5 13. h3 Nh5 14. Bxe7 Qxe7 15. e4 b4 16. Na4 Ba6 17. e5 Bxd3 18. Qxd3 g6 19. Rac1 Ng7 20. f4 Rac8 21. Ng3 c5 22. f5 Qg5 23. fxg6 fxg6 24. dxc5 Rxe5 25. c6 Nf6 26. Nb6 Rce8 27. c7 Re3 28. Qb5 Rxg3 0-1


[Site "https://www.chess.com"]

[Event "Titled Tuesday Blitz May 9 Late 2023"]
[White "Dias, Joao Batista"]
[Black "Tarnowska, Aleksandra"]
[WhiteFideId "2108240"]
[BlackFideId "1180967"]
[WhiteElo "1907"]
[BlackElo "1776"]
[Result "0-1"]
[Round "08"]
[TimeControl "180+2"]
[Date "2023.05.09"]
[WhiteClock "0:00:23"]
[BlackClock "0:00:03"]

1. e4 c5 2. f4 d5 3. exd5 Qxd5 4. Nc3 Qd8 5. Nf3 Nf6 6. Bb5+ Bd7 7. O-O Bxb5 8. Nxb5 Nc6 9. Kh1 e6 10. c3 Be7 11. d4 cxd4 12. Nbxd4 O-O 13. Nxc6 bxc6 14. Ne5 Qc7 15. Qf3 Rfd8 16. Qxc6 Qa5 17. Be3 Nd5 18. Bd4 Rac8 19. Qb7 Rc7 20. Nc6 Rxb7 21. Nxa5 Rxb2 22. Nc4 Rc2 23. Rf3 g6 24. Ne5 Bf6 25. h3 Rc8 26. Rb1 Nxc3 27. Rb7 Ne2 28. Be3 Rd8 29. Nxf7 Rd1+ 30. Kh2 Rxa2 31. Nh6+ Kf8 32. Rf7+ Ke8 33. Rxf6 Raa1 34. Rxe6+ Kd7 35. Re4 Rh1# 0-1


[Site "https://www.chess.com"]

[Event "Titled Tuesday Blitz May 9 Late 2023"]
[White "Dmitriev, Sergey"]
[Black "Chessadiction1990"]
[WhiteFideId "14101785"]
[WhiteElo "2132"]
[BlackElo "2141"]
[Result "0-1"]
[Round "08"]
[TimeControl "180+2"]
[Date "2023.05.09"]
[WhiteClock "0:01:38"]
[BlackClock "0:00:59"]

1. d4 Nf6 2. Bf4 d5 3. Nf3 e6 4. h3 c5 5. e3 Bd6 6. Ne5 O-O 7. Nd2 Nc6 8. Ndf3 cxd4 9. exd4 Qc7 10. Qe2 Nd7 11. Nxd7 Bxd7 12. Bxd6 Qxd6 13. Ne5 Nxd4 14. Nxf7 Rxf7 15. Qd2 Qe5+ 16. Be2 Nxe2 17. Qxe2 Qxe2+ 18. Kxe2 e5 19. f3 e4 20. Rad1 exf3+ 21. gxf3 Raf8 22. Rd3 Bb5 0-1


[Site "https://www.chess.com"]

[Event "Titled Tuesday Blitz May 9 Late 2023"]
[White "Maluco_do_Natal_00"]
[Black "Prado, Alexandra"]
[BlackFideId "3301346"]
[WhiteElo "2023"]
[BlackElo "1759"]
[Result "1-0"]
[Round "08"]
[TimeControl "180+2"]
[Date "2023.05.09"]
[WhiteClock "0:00:05"]
[BlackClock "0:00:00"]

1. e4 c5 2. Nf3 g6 3. d4 cxd4 4. Nxd4 Nf6 5. Nc3 Nc6 6. Be3 Bg7 7. Bc4 O-O 8. Bb3 d6 9. h3 Qa5 10. O-O Bd7 11. a3 Rac8 12. Re1 Ne5 13. Bd2 Nc4 14. Bxc4 Rxc4 15. Nb3 Qc7 16. Qe2 a6 17. Rad1 b5 18. Qd3 Rc8 19. f3 Be6 20. Nd4 Nd7 21. Nxe6 fxe6 22. Bf4 Ne5 23. Qe2 Nc6 24. Kh1 Nd4 25. Qd3 e5 26. Bg5 Kf7 27. Nd5 Qd7 28. c3 Bf6 29. Bxf6 exf6 30. cxd4 Rxd4 31. Qe2 Rdc4 32. Rd2 Qe6 33. Nb6 R8c6 34. Nxc4 Rxc4 35. Red1 f5 36. Rxd6 Qe7 37. Rd7 1-0


[Site "https://www.chess.com"]

[Event "Titled Tuesday Blitz May 9 Late 2023"]
[White "Silva Rosas, Natalia"]
[Black "dorpato"]
[WhiteFideId "3000575"]
[WhiteElo "1651"]
[BlackElo "2011"]
[Result "1-0"]
[Round "08"]
[TimeControl "180+2"]
[Date "2023.05.09"]
[WhiteClock "0:00:26"]
[BlackClock "0:00:10"]

1. e4 c5 2. Nf3 g6 3. c3 d5 4. e5 Bg7 5. d4 cxd4 6. cxd4 Nc6 7. Be3 Bf5 8. Nc3 e6 9. Bb5 Ne7 10. O-O O-O 11. h3 h5 12. Nh4 a6 13. Bxc6 Nxc6 14. Nxf5 exf5 15. g3 f6 16. f4 fxe5 17. fxe5 Qd7 18. Bf4 Nd8 19. Qb3 Ne6 20. Nxd5 Kh7 21. Rad1 Rad8 22. Nb6 Qc7 23. Qxe6 Rfe8 24. Qb3 Qc6 25. Nc4 Re7 26. Ne3 Red7 27. d5 Qc5 28. Kh2 b5 29. Rfe1 Qe7 30. e6 Rb7 31. d6 Qe8 32. e7 Rdd7 33. Ng2 Rb6 34. Nh4 g5 35. Bxg5 Rbxd6 36. Rxd6 Rxd6 37. Nxf5 Rg6 38. Nxg7 Rxg7 39. Qd3+ Kh8 40. Bf6 1-0


[Site "https://www.chess.com"]

[Event "Titled Tuesday Blitz May 9 Late 2023"]
[White "Martinez Alcantara, Jose Eduardo"]
[Black "Sarana, Alexey"]
[WhiteFideId "3805662"]
[BlackFideId "24133795"]
[WhiteElo "2711"]
[BlackElo "2714"]
[Result "1/2-1/2"]
[Round "09"]
[TimeControl "180+2"]
[Date "2023.05.09"]
[WhiteClock "0:00:06"]
[BlackClock "0:00:22"]

1. e4 c5 2. Nf3 d6 3. c3 Nf6 4. h3 g6 5. Bd3 Bg7 6. Bc2 O-O 7. O-O Nc6 8. d4 cxd4 9. cxd4 e5 10. d5 Nb4 11. Nc3 Nxc2 12. Qxc2 Ne8 13. Qb3 f5 14. Ng5 Nc7 15. Ne6 Nxe6 16. dxe6 Qe7 17. Nd5 Qxe6 18. Nc7 Qxb3 19. axb3 Rb8 20. Rd1 Rd8 21. Bg5 Rd7 22. Ne8 fxe4 23. Nxd6 Bf8 24. Nxe4 Rxd1+ 25. Rxd1 Be6 26. Nf6+ Kg7 27. Nd7 Rc8 28. Nxf8 Rxf8 29. b4 Rc8 30. Re1 Rc2 31. Rxe5 Kf7 32. Ra5 a6 33. b5 Rc5 34. Be3 Rd5 35. Bb6 axb5 36. b4 Rd6 37. Be3 Bd7 38. Ra8 Bc6 39. Bc5 Rd1+ 40. Kh2 h5 41. Rf8+ Ke6 42. h4 Rd3 43. Rg8 Kf7 44. Rf8+ Ke6 45. Rg8 Kf7 46. Rf8+ Ke6 1/2-1/2


[Site "https://www.chess.com"]

[Event "Titled Tuesday Blitz May 9 Late 2023"]
[White "Zhigalko, Sergei"]
[Black "Carlsen, Magnus"]
[WhiteFideId "13502956"]
[BlackFideId "1503014"]
[WhiteElo "2626"]
[BlackElo "2852"]
[Result "0-1"]
[Round "09"]
[TimeControl "180+2"]
[Date "2023.05.09"]
[WhiteClock "0:00:03"]
[BlackClock "0:00:43"]

1. e4 a6 2. d4 c6 3. Nf3 d5 4. Nbd2 Bg4 5. Bd3 e6 6. O-O Nf6 7. c3 Be7 8. Re1 O-O 9. h3 Bh5 10. e5 Nfd7 11. Qc2 Bg6 12. Nb3 c5 13. dxc5 Nxc5 14. Nxc5 Bxc5 15. Be3 Bxe3 16. Rxe3 Bxd3 17. Qxd3 Nc6 18. Rd1 h6 19. Nh2 Qb6 20. Ng4 Ne7 21. b3 Rac8 22. Qd2 Nf5 23. Rf3 Rfd8 24. Rd3 Re8 25. Ne3 Nxe3 26. Rxe3 Qc7 27. Rde1 Qe7 28. Rg3 Kh8 29. Ree3 Rc7 30. Rg4 h5 31. Rf4 Rec8 32. Rg3 g6 33. Rf6 Kh7 34. Rgf3 Qf8 35. g4 h4 36. g5 Qg7 37. Kg2 Kg8 38. Qd4 Qf8 39. Qd2 b5 40. a4 bxa4 41. bxa4 Rc4 42. Rxe6 fxe6 43. Rxf8+ Rxf8 44. Qe3 Rcf4 45. Qb6 Kg7 46. Qxe6 Rxf2+ 47. Kg1 Rf1+ 48. Kg2 R8f2# 0-1


[Site "https://www.chess.com"]

[Event "Titled Tuesday Blitz May 9 Late 2023"]
[White "Bortnyk, Olexandr"]
[Black "Nakamura, Hikaru"]
[WhiteFideId "14120828"]
[BlackFideId "2016192"]
[WhiteElo "2734"]
[BlackElo "2885"]
[Result "0-1"]
[Round "09"]
[TimeControl "180+2"]
[Date "2023.05.09"]
[WhiteClock "0:00:00"]
[BlackClock "0:00:20"]

1. d4 Nf6 2. Nc3 e6 3. e4 d5 4. e5 Nfd7 5. f4 c5 6. Nf3 a6 7. Be3 Nc6 8. Ne2 a5 9. g3 b6 10. Bh3 g6 11. c3 Ba6 12. O-O a4 13. Rf2 a3 14. b3 Be7 15. Rc1 Rc8 16. Kh1 cxd4 17. Nexd4 Nc5 18. Nxc6 Rxc6 19. Nd4 Rc7 20. b4 Nd7 21. Bxe6 fxe6 22. Nxe6 Qc8 23. f5 Nxe5 24. Qd4 Bd6 25. Bf4 Rc4 26. Qxb6 Rc6 27. Qd4 Rc4 28. Qb6 Nd3 29. Re2 Nxf4 30. Nxf4+ Kd7 31. Re6 Qc6 32. Qa7+ Bb7 33. b5 Qxb5 34. Rce1 d4+ 35. Kg1 Bc5 36. Re7+ Bxe7 37. Rxe7+ Kxe7 0-1


[Site "https://www.chess.com"]

[Event "Titled Tuesday Blitz May 9 Late 2023"]
[White "Salinas Herrera, Pablo"]
[Black "Kollars, Dmitrij"]
[WhiteFideId "3407128"]
[BlackFideId "12909572"]
[WhiteElo "2546"]
[BlackElo "2584"]
[Result "0-1"]
[Round "09"]
[TimeControl "180+2"]
[Date "2023.05.09"]
[WhiteClock "0:00:00"]
[BlackClock "0:00:16"]

1. e4 e5 2. Nf3 Nc6 3. Bb5 a6 4. Ba4 Nf6 5. O-O Be7 6. d3 b5 7. Bb3 d6 8. a3 Na5 9. Ba2 c5 10. b4 Nc6 11. c3 Be6 12. Nbd2 Bxa2 13. Rxa2 O-O 14. Qb3 d5 15. bxc5 Bxc5 16. a4 b4 17. exd5 Nxd5 18. Ne4 Ba7 19. c4 Nde7 20. c5 Qd5 21. Qxd5 Nxd5 22. Bb2 f6 23. Raa1 a5 24. Rfd1 Rfd8 25. g3 Nde7 26. Rac1 Rd5 27. Kf1 Rad8 28. Ke2 Kf7 29. Nd6+ Ke6 30. Nd2 Nf5 31. Nb3 Nxd6 32. cxd6 R8xd6 33. Rc4 Bd4 34. Bc1 Bc3 35. Be3 f5 36. h3 g6 37. Rh4 h5 38. Rc4 Bd4 39. Bc1 Bb6 40. Bb2 e4 41. Nc1 Bd4 42. dxe4 fxe4 43. Bxd4 Nxd4+ 44. Kf1 Ke5 45. Re1 Kf5 46. Kg2 g5 47. Re3 g4 48. hxg4+ hxg4 49. Kf1 Nf3 50. Nb3 Rd1+ 0-1


[Site "https://www.chess.com"]

[Event "Titled Tuesday Blitz May 9 Late 2023"]
[White "Tang, Andrew"]
[Black "Andreikin, Dmitry"]
[WhiteFideId "2059630"]
[BlackFideId "4158814"]
[WhiteElo "2596"]
[BlackElo "2736"]
[Result "0-1"]
[Round "09"]
[TimeControl "180+2"]
[Date "2023.05.09"]
[WhiteClock "0:00:00"]
[BlackClock "0:00:05"]

1. d4 Nf6 2. Nf3 c5 3. d5 b5 4. c4 Bb7 5. Qc2 bxc4 6. e4 d6 7. Bxc4 g6 8. Nc3 Bg7 9. O-O O-O 10. Bf4 Ba6 11. Nb5 Bxb5 12. Bxb5 Qb6 13. Bc4 Nbd7 14. Rab1 Ng4 15. Rfe1 Nde5 16. Nd2 f5 17. exf5 Rxf5 18. Bg3 Bh6 19. Ne4 Raf8 20. b3 Bf4 21. Bxf4 Rxf4 22. Re2 R8f5 23. Ng3 Rf6 24. Ne4 R6f5 25. h3 Nf6 26. Ng3 Rg5 27. Qc1 Rxg3 28. fxg3 Rd4 29. Qc2 Nh5 30. Kh2 Kg7 31. Rf1 Qd8 32. Re4 Nf6 33. Ref4 Qa5 34. Qf2 Rxf4 35. Qxf4 Qc3 36. g4 h6 37. g5 hxg5 38. Qxg5 Nxc4 39. bxc4 Qxc4 40. Re1 Nxd5 41. a3 Qd3 42. Re6 Qf5 43. Qxf5 gxf5 44. Kg3 c4 45. Kf3 c3 46. Ke2 Nf4+ 0-1


[Site "https://www.chess.com"]

[Event "Titled Tuesday Blitz May 9 Late 2023"]
[White "Makarian, Rudik"]
[Black "Pranav, V"]
[WhiteFideId "44105681"]
[BlackFideId "25060783"]
[WhiteElo "2461"]
[BlackElo "2515"]
[Result "1-0"]
[Round "09"]
[TimeControl "180+2"]
[Date "2023.05.09"]
[WhiteClock "0:00:02"]
[BlackClock "0:00:00"]

1. d4 Nf6 2. c4 e6 3. Nf3 b6 4. g3 Ba6 5. b3 Bb4+ 6. Bd2 Be7 7. Nc3 d5 8. Bg2 O-O 9. O-O Nbd7 10. Bf4 Bb7 11. cxd5 exd5 12. Rc1 a6 13. Ne5 Re8 14. e3 Nf8 15. h4 Ne6 16. Qd3 Ba3 17. Rcd1 Bd6 18. Rfe1 h6 19. Bh3 Nf8 20. Nf3 Bb4 21. Qc2 Qe7 22. Re2 Rad8 23. Ne5 Bd6 24. a4 c5 25. Nd3 Ne4 26. Bxd6 Qxd6 27. dxc5 bxc5 28. Nxe4 dxe4 29. Nb2 Qe7 30. Red2 Rxd2 31. Rxd2 Bc8 32. Bxc8 Rxc8 33. Nc4 Rc6 34. Rd5 Nd7 35. Kg2 Nf6 36. Rd1 Qe6 37. Rd8+ Kh7 38. Qe2 Qe7 39. Rd1 Rc8 40. a5 Qe6 41. Rd6 Qf5 42. Rxa6 Rd8 43. Rd6 Ra8 44. a6 Ng4 45. Rc6 h5 46. Rd6 g6 47. Rc6 Rd8 48. a7 Ra8 49. Ra6 Ne5 50. Nb6 Rxa7 51. Rxa7 Nd3 52. Nc4 Kh6 53. Nd6 Qd5 54. Nxf7+ Kg7 55. Ng5+ Kf6 56. Rf7+ Ke5 57. Rf4 Kd6 58. Rxe4 c4 59. bxc4 1-0


[Site "https://www.chess.com"]

[Event "Titled Tuesday Blitz May 9 Late 2023"]
[White "Wieczorek, Oskar"]
[Black "Terry, Renato"]
[WhiteFideId "1133950"]
[BlackFideId "3803457"]
[WhiteElo "2418"]
[BlackElo "2575"]
[Result "0-1"]
[Round "09"]
[TimeControl "180+2"]
[Date "2023.05.09"]
[WhiteClock "0:00:00"]
[BlackClock "0:00:47"]

1. e4 g6 2. d4 Bg7 3. Nf3 d6 4. Bc4 Nf6 5. Qe2 c6 6. Bb3 O-O 7. O-O Qc7 8. e5 Nd5 9. c4 Nb6 10. Nc3 dxe5 11. Nxe5 N6d7 12. Nf3 Re8 13. c5 Nf8 14. Ng5 e6 15. h4 Bxd4 16. Nce4 Nbd7 17. Be3 Be5 18. Rad1 h6 19. Nd6 Re7 20. Nge4 Bg7 21. Bf4 Qa5 22. Qe3 Kh7 23. h5 b6 24. hxg6+ Nxg6 25. Bg3 Nxc5 26. Nxc5 Qxc5 27. Qe4 f5 28. Qe2 Bd7 29. Rc1 Qd4 30. Rfd1 Qxb2 31. Qh5 Qf6 32. Re1 Qg5 33. Qf3 Rf8 34. Rcd1 e5 35. Qe2 e4 36. Bh2 Nh4 37. f4 exf3 0-1


[Site "https://www.chess.com"]

[Event "Titled Tuesday Blitz May 9 Late 2023"]
[White "Sargsyan, Shant"]
[Black "Yoo, Christopher Woojin"]
[WhiteFideId "13306766"]
[BlackFideId "30909694"]
[WhiteElo "2628"]
[BlackElo "2519"]
[Result "1-0"]
[Round "09"]
[TimeControl "180+2"]
[Date "2023.05.09"]
[WhiteClock "0:01:26"]
[BlackClock "0:00:05"]

1. c4 e5 2. g3 Nf6 3. Bg2 c6 4. d4 e4 5. d5 Bb4+ 6. Bd2 Qe7 7. Nh3 O-O 8. O-O cxd5 9. Nf4 dxc4 10. Nc3 Bxc3 11. Bxc3 Re8 12. Rc1 Nc6 13. Bxf6 Qxf6 14. Nd5 Qe5 15. Rxc4 f5 16. f4 Qd6 17. g4 b5 18. Rc1 fxg4 19. f5 Re5 20. Ne3 Qd4 21. Qb3+ Kf8 22. f6 d5 23. fxg7+ Kxg7 24. Rxc6 Be6 25. Kh1 Rf8 26. Rd1 Qa4 27. Qc3 d4 28. Rxd4 Qxa2 29. Rd1 1-0


[Site "https://www.chess.com"]

[Event "Titled Tuesday Blitz May 9 Late 2023"]
[White "Paravyan, David"]
[Black "Remizov, Yaroslav"]
[WhiteFideId "4194985"]
[BlackFideId "34134015"]
[WhiteElo "2563"]
[BlackElo "2400"]
[Result "0-1"]
[Round "09"]
[TimeControl "180+2"]
[Date "2023.05.09"]
[WhiteClock "0:00:00"]
[BlackClock "0:01:05"]

1. e4 c5 2. Nf3 e6 3. d4 cxd4 4. Nxd4 Nf6 5. Nc3 Nc6 6. Nxc6 bxc6 7. e5 Nd5 8. Ne4 Qc7 9. f4 Rb8 10. a3 f5 11. exf6 gxf6 12. c4 Nxf4 13. Qf3 e5 14. Nxf6+ Kd8 15. g3 Be7 16. Ne4 Ne6 17. Bh3 Nd4 18. Qf7 Rf8 19. Qg7 d5 20. Bg5 Nf3+ 21. Kd1 Nxg5 22. Nxg5 Rxb2 23. Rf1 Bg4+ 24. Kc1 Rbf2 25. Rxf2 Bxa3+ 26. Rxa3 Qxg7 27. Rxf8+ Qxf8 28. Rxa7 Qh6 29. Ra8+ Kc7 30. Ra7+ Kb6 0-1


[Site "https://www.chess.com"]

[Event "Titled Tuesday Blitz May 9 Late 2023"]
[White "Grigorov, Grigor"]
[Black "Ibarra Jerez, Jose Carlos"]
[WhiteFideId "2907313"]
[BlackFideId "2226332"]
[WhiteElo "2510"]
[BlackElo "2638"]
[Result "0-1"]
[Round "09"]
[TimeControl "180+2"]
[Date "2023.05.09"]
[WhiteClock "0:00:07"]
[BlackClock "0:00:39"]

1. d4 Nf6 2. Nf3 g6 3. Bg5 Bg7 4. Nbd2 O-O 5. c3 d6 6. e4 c5 7. dxc5 dxc5 8. Be2 Nc6 9. O-O h6 10. Bh4 Nh5 11. Qc2 Qc7 12. Nc4 b6 13. Ne3 e6 14. Rad1 Bb7 15. Nc4 g5 16. Bg3 Nxg3 17. hxg3 Rad8 18. Rxd8 Rxd8 19. Nh2 b5 20. Ne3 c4 21. Kh1 Qd6 22. Rd1 Qc5 23. Rxd8+ Nxd8 24. Qd2 Qc7 25. Bf3 Nc6 26. Be2 Ne5 27. f4 gxf4 28. gxf4 Ng6 29. f5 Nf4 30. Bf3 Nd3 31. Neg4 Qf4 32. Qxf4 Nxf4 33. f6 Bf8 34. e5 Ba6 35. Be4 Nd3 36. b4 h5 37. Bxd3 cxd3 38. Nf2 d2 39. Nf3 Bh6 40. Kg1 Be3 41. Nxd2 Bxd2 42. Ne4 Bf4 43. Nc5 Be3+ 0-1


[Site "https://www.chess.com"]

[Event "Titled Tuesday Blitz May 9 Late 2023"]
[White "Bjelobrk, Igor"]
[Black "Chigaev, Maksim"]
[WhiteFideId "4300726"]
[BlackFideId "4108116"]
[WhiteElo "2319"]
[BlackElo "2558"]
[Result "1-0"]
[Round "09"]
[TimeControl "180+2"]
[Date "2023.05.09"]
[WhiteClock "0:00:06"]
[BlackClock "0:00:00"]

1. d4 Nf6 2. c4 g6 3. Nc3 Bg7 4. e4 d6 5. Nf3 O-O 6. Be2 e5 7. d5 a5 8. Bg5 h6 9. Be3 Ng4 10. Bc1 f5 11. exf5 gxf5 12. g3 Na6 13. Nh4 Nc5 14. O-O Bd7 15. Nxf5 Nxf2 16. Nxh6+ Bxh6 17. Rxf2 Rxf2 18. Kxf2 Qf6+ 19. Kg2 Rf8 20. Bxh6 Qxh6 21. Bg4 Nd3 22. Ne4 Ne1+ 23. Qxe1 Bxg4 24. Qd2 Bh3+ 25. Kg1 Qxd2 26. Nxd2 Kg7 27. Re1 b6 28. Re4 Kg6 29. Rh4 Bf5 30. a3 a4 31. h3 Bd3 32. Rg4+ Kf5 33. Kf2 Rh8 34. Kg2 Bc2 35. Rg7 e4 36. g4+ Ke5 37. Rxc7 Kd4 38. Rc6 Rf8 39. Rxd6 Bd1 40. Re6 e3 41. Nf1 Bf3+ 42. Kg1 Be4 43. Ng3 Bd3 44. d6 Bxc4 45. Re7 Rd8 46. d7 1-0


[Site "https://www.chess.com"]

[Event "Titled Tuesday Blitz May 9 Late 2023"]
[White "Timmermans, Mark"]
[Black "Kramnik, Vladimir"]
[WhiteFideId "1026399"]
[BlackFideId "4101588"]
[WhiteElo "2460"]
[BlackElo "2703"]
[Result "1-0"]
[Round "09"]
[TimeControl "180+2"]
[Date "2023.05.09"]
[WhiteClock "0:00:38"]
[BlackClock "0:00:00"]

1. e4 e6 2. d4 d5 3. Nd2 c5 4. exd5 exd5 5. Ngf3 Nc6 6. Bb5 Qe7+ 7. Be2 Qc7 8. O-O Nf6 9. Re1 cxd4 10. Bb5+ Be7 11. Qe2 Bg4 12. h3 Bh5 13. g4 Bg6 14. Bxc6+ bxc6 15. Nxd4 Ne4 16. Nxe4 dxe4 17. Be3 O-O 18. Rad1 Rfe8 19. Nb3 a5 20. Nc5 Bd6 21. Qc4 h5 22. Rd2 hxg4 23. hxg4 Qe7 24. Red1 Rad8 25. Nb7 Bh2+ 26. Kxh2 Qh4+ 27. Kg1 Qxg4+ 28. Kf1 Qh3+ 29. Ke1 Qh1+ 30. Qf1 Qxf1+ 31. Kxf1 Rb8 32. Nxa5 Rxb2 33. c4 Rxd2 34. Rxd2 Rb8 35. Nxc6 Rb1+ 36. Kg2 Bh5 37. Nd4 f6 38. Rc2 Ra1 39. c5 f5 40. c6 1-0


[Site "https://www.chess.com"]